 Dungeon Crawl Stone Soup version 0.31-a0-441-g867994ef1c (webtiles) character file.

Game seed: 16059168864889036363

1132 Maxmaps the Shield-Bearer (level 8, 0/52 HPs)
             Began as an Octopode Shapeshifter on Aug 2, 2023.
             Slain by a steam dragon (11 damage)
             ... on level 6 of the Dungeon.
             The game lasted 00:05:32 (5562 turns).

Maxmaps the Shield-Bearer (Octopode Shapeshifter)   Turns: 5562, Time: 00:05:33

Health: 0/52       AC:  1    Str: 14    XL:     8   Next: 36%
Magic:  8/8        EV: 11    Int: 13    God:
Gold:   192        SH: 16    Dex: 18    Spells: 7/7 levels left

rFire   . .          .
                       - Unarmed
rCold   . . .        p - +0 tower shield
rNeg    . . .        (helmet currently unavailable)
rPois   .            (no amulet)
rElec   .            k - +6 ring of dexterity
rCorr   .            (no ring)
SInv    .            (no ring)
Will    .....        (no ring)
Stlth   ++++         (no ring)
HPRegen 0.28/turn    (no ring)
MPRegen 0.11/turn    (no ring)
                     (no ring)

%: no passive effects
@: beast-form
A: beast (slay +2), almost no armour, amphibious, 8 rings, camouflage 1,
gelatinous body 1, (nimble swimmer 1), tentacles
a: Begin Untransformation


You were on level 6 of the Dungeon.
You were a hulking beast.
You visited 1 branch of the dungeon, and saw 6 of its levels.

You collected 192 gold pieces.

Inventory:

Armour
 p - a +0 tower shield (worn)
Jewellery
 g - a ring of fire
 k - a +6 ring of dexterity (left tentacle)
 s - a +6 ring of strength
Talismans
 b - a beast talisman (active)
Scrolls
 c - 10 scrolls of identify {unknown}
 e - a scroll of blinking {unknown}
 f - 2 scrolls of brand weapon {unknown}
 h - a scroll of enchant armour {unknown}
 i - a scroll of immolation {unknown}
 j - 2 scrolls of teleportation {unknown}
 l - a scroll of amnesia {unknown}
 r - a scroll of poison {unknown}
Potions
 a - a potion of lignification
 d - a potion of magic {unknown}
 m - a potion of experience {unknown}
 n - 2 potions of cancellation {unknown}
 o - 3 potions of curing {unknown}
 q - a potion of mutation {unknown}
 t - a potion of berserk rage {unknown}


   Skills:
 - Level 3.0 Fighting
 - Level 4.1 Dodging
 - Level 4.1 Stealth
 + Level 7.6 Shields
 - Level 3.0 Unarmed Combat
 - Level 3.0 Shapeshifting


You had 7 spell levels left.
You didn't know any spells.
Your spell library contained the following spells:

 Spells                   Type           Power      Damage    Failure   Level
 Summon Small Mammal      Summ           0%         N/A       95%         1
 Sublimation of Blood     Necr           0%         N/A       99%         2
 Call Canine Familiar     Summ           0%         N/A       100%        3
 Summon Guardian Golem    Hex/Summ       0%         N/A       100%        3
 Petrify                  Tmut/Erth      0%         N/A       100%        4
 Irradiate                Conj/Tmut      0%         3d11      100%        5


Dungeon Overview and Level Annotations

Branches:
Dungeon (6/15)
 Temple: D:4-7

Altars:
Qazlal

Shops:
D:3 [   D:4 ([


Innate Abilities, Weirdness & Mutations

You are a hulking beast.
Your limbs bulge with bestial killing power. (Slay +2)
You cannot wear most types of armour.
You are amphibious.
You can wear up to eight rings at the same time.
Your skin changes colour to match your surroundings (Stealth+).
Your rubbery body absorbs attacks. (AC +1, EV +1)
((You are camouflaged when in or above water. (Stealth+)))
You have tentacles for arms and can constrict up to eight enemies at once.


Message History

You kill the jelly!
No target in view!
A steam dragon comes into view.
A steam dragon is nearby!
A steam dragon is nearby!
Found 2 grey potions.
The helpless steam dragon fails to defend itself.
You bludgeon the steam dragon!
The steam dragon is moderately wounded.
You block the steam dragon's attack. The steam dragon claws you.
You barely miss the steam dragon. You squeeze the steam dragon.
The steam dragon is moderately wounded.
You block the steam dragon's attack. The steam dragon closely misses you.
You tentacle-slap the steam dragon. You squeeze the steam dragon.
The steam dragon is heavily wounded.
The steam dragon bites you. The steam dragon claws you.
You tentacle-slap the steam dragon. You squeeze the steam dragon!
The steam dragon is severely wounded.
The steam dragon bites you. You block the steam dragon's attack. x2
The steam dragon claws you.
You completely miss the steam dragon.
The steam dragon is severely wounded.
The steam dragon breathes steam at you. The ball of steam misses you.
You tentacle-slap the steam dragon but do no damage.
The steam dragon is severely wounded.
You are engulfed in a cloud of scalding steam.
The steam dragon bites you! The steam dragon claws you.
* * * LOW HITPOINT WARNING * * *
You are too injured to fight recklessly!
Unknown command.
You block the steam dragon's attack. x2
You tentacle-slap the steam dragon but do no damage.
The steam dragon is severely wounded.
You block the steam dragon's attack. The steam dragon claws you.
* * * LOW HITPOINT WARNING * * *
You barely miss the steam dragon.
The steam dragon is severely wounded.
The steam dragon bites you!
You die...

##...# ###### #####..
.#...# #....##.......
.#...# #....##......#
.#...# #....##......+
.#...###....##......#
.#..........#.......#
'###..............#
...........##.....#
.......##+###...h.#
..........# #...D.#
........###
#####....# ........#
....# ....##..# ...!#
..... >... ......
########## #######


You could see a steam dragon.

Vanquished Creatures
  Menkaure (D:5)
  3 water moccasins (D:5)
  A black bear (D:4)
  2 ogres (D:5)
  A hound (D:4)
  2 jellies
  2 orc priests (D:5)
  A sleepcap (D:5)
  10 gnolls
  5 adders
  2 worms (D:2)
  2 dart slugs
  12 orcs
  7 ball pythons
  5 bats
  10 endoplasms
  10 goblins
  11 hobgoblins
  4 jackals (D:3)
  4 quokkas
  2 frilled lizards
  10 kobolds
  7 rats
114 creatures vanquished.

Notes
Turn   | Place    | Note
-------+----------+-------------------------------------------
     0 | D:1      | Maxmaps the Octopode Shapeshifter began the quest for the
                  | Orb.
     0 | D:1      | Reached XP level 1. HP: 13/13 MP: 1/1
    14 | D:1      | Reached skill level 1 in Stealth
    57 | D:1      | Reached XP level 2. HP: 13/18 MP: 2/2
   149 | D:1      | Found a faded altar of an unknown god.
   300 | D:1      | Reached XP level 3. HP: 22/23 MP: 3/3
   968 | D:2      | Reached XP level 4. HP: 16/29 MP: 4/4
  2032 | D:3      | Reached XP level 5. HP: 36/36 MP: 5/5
  2487 | D:3      | Found Jilil's Antique Armour Shoppe.
  2624 | D:4      | Found Zosoats's Antique Armour Shoppe.
  2624 | D:4      | Noticed a black bear
  2635 | D:4      | Killed a black bear
  2636 | D:4      | Reached XP level 6. HP: 24/42 MP: 6/6
  2803 | D:4      | Found Beta's Antique Weapon Shoppe.
  2814 | D:4      | Reached skill level 1 in Shields
  2978 | D:4      | Reached skill level 2 in Shields
  3595 | D:5      | Entered Level 5 of the Dungeon
  3650 | D:5      | Noticed a water moccasin
  3659 | D:5      | Killed a water moccasin
  3660 | D:5      | Reached skill level 3 in Shields
  3660 | D:5      | Reached XP level 7. HP: 35/46 MP: 7/7
  3742 | D:5      | Found a stormy altar of Qazlal.
  3804 | D:5      | Reached skill level 4 in Shields
  3963 | D:5      | Reached skill level 5 in Shields
  4380 | D:5      | Reached skill level 6 in Shields
  4380 | D:5      | Reached XP level 8. HP: 47/52 MP: 8/8
  4592 | D:5      | Noticed Menkaure
  4597 | D:5      | Killed Menkaure
  4598 | D:5      | Reached skill level 7 in Shields
  5562 | D:6      | Slain by a steam dragon

Illustrated notes

Levels and vault maps discovered:
D:1:      ncdulo_lavacross, layout_basic,
          dreamdust_ecumenical_altar_angels_and_demons
D:2:      layout_basic
D:3:      layout_basic, serial_shops, shop, serial_bayou_lake_a
D:4:      layout_basic, serial_bayou_pond_c, nicolae_wooded_promenade
D:5:      cheibrodos_quashed, layout_layer_cave, grunt_qazlal_sundering,
          mrwooster_statue_mirror, nicolae_elevator_lobby_asterisk,
          uniq_menkaure
D:6:      layout_basic, minmay_temple_entry_trees, uniq_edmund

Skill      XL: |  1  2  3  4  5  6  7  8 |
---------------+-------------------------+-----
Stealth        | 2 3 4 |  4.1
Fighting       | 2 3 |  3.0
Dodging        | 4 |  4.1
Shields        | 3 6 7 |  7.6
Unarmed Combat | |  3.0
Shapeshifting  | |  3.0

Action                     |  1- 3 |  4- 6 |  7- 9 || total
---------------------------+-------+-------+-------++-------
  Melee: Unarmed           |    67 |   109 |    72 ||   248
         Constrict         |    13 |    33 |    17 ||    63
         Tentacles         |     9 |    32 |    29 ||    70
         Punch             |     3 |     6 |     4 ||    13
   Stab: Sleeping          |     8 |    18 |     3 ||    29
         Distracted        |     1 |       |       ||     1
 Armour: Skin              |     7 |     3 |     1 ||    11
  Dodge: Dodged            |    28 |    40 |    27 ||    95
  Block: Tower shield      |       |    26 |    38 ||    64

Table legend: (Time is in decaauts)
 A = Elapsed time spent in this place.
 B = Non-inter-level travel time spent in this place.
 C = Inter-level travel time spent in this place.
 D = Time resting spent in this place.
 E = Time spent auto-exploring this place.
 F = Levels seen in this place.
 G = Mean time per level.
                   A        B        C        D        E       F      G
               +--------+--------+--------+--------+--------+-----+--------+
         Total |   5590 |   5400 |    190 |    842 |   3773 |   6 |  931.7 |
       Dungeon |   5590 |   5400 |    190 |    842 |   3773 |   6 |  931.7 |
               +--------+--------+--------+--------+--------+-----+--------+

Top non-repeatable levels by time:
     D:5: 1815 daAuts
     D:2: 1117 daAuts
     D:4: 1021 daAuts
     D:3: 875 daAuts
     D:1: 586 daAuts
     D:6: 174 daAuts
